AoeStats
← marshpiatt

Arena

511150653Analyzed
1v1 RM · 9d ago on Oct 3, 2026· 51m 54s· 2 players
Game mode
Random Map
Map size
Tiny (2 player)
Population
200
Speed
Normal
Resources
Standard
Victory
Conquest
Starting age
Dark Age
Ending age
Imperial Age
RankedLock teamsTeams togetherTeam positionsShared explorationLock speedFull tech treeHidden civsTurbo modeCheats
Victory
Defeat
🇺🇸 Cumans · United States
929
+17
vs
🇨🇴 Bohemians · Colombia
955
-17
marshpiatt
4:58 Loom
9:25 Feudal Age
9:56 Double-Bit Axe
9:52 Horse Collar
20:07 Gold Mining
22:28 Castle Age
22:04 Wheelbarrow
21:23 Fletching
23:57 Gold Shaft Mining
23:14 Stone Mining
23:24 Bodkin Arrow
23:35 Scale Barding Armor
26:53 Chain Barding Armor
26:34 Padded Archer Armor
28:56 Hand Cart
29:18 Bow Saw
29:16 Elite Skirmisher
30:53 Ballistics
32:28 Town Watch
33:21 Bloodlines
37:52 Imperial Age
36:23 Steppe Husbandry
35:50 Light Cavalry
36:58 Forging
37:05 Leather Archer Armor
37:14 Heavy Plow
38:08 Elite Steppe Lancer
39:54 Iron Casting
40:18 Plate Barding Armor
40:23 Conscription
45:29 Blast Furnace
45:51 Two-Man Saw
45:23 Crop Rotation
49:29 Hussar
javiadzu
8:51 Loom
12:16 Feudal Age
13:38 Double-Bit Axe
16:09 Castle Age
15:56 Horse Collar
18:50 Fervor
19:38 Heavy Plow
19:53 Bow Saw
23:22 Redemption
23:38 Town Watch
27:32 Town Patrol
28:08 Wheelbarrow
30:58 Imperial Age
29:46 Chemistry
29:07 Ballistics
28:41 Fletching
31:04 Sanctity
32:24 Block Printing
32:37 Bodkin Arrow
32:42 Padded Archer Armor
34:04 Conscription
36:02 Crossbowman
41:43 Light Cavalry
42:36 Forging
42:31 Scale Barding Armor
44:39 Two-Man Saw
44:57 Iron Casting
44:42 Chain Barding Armor
45:26 Scale Mail Armor
44:52 Pikeman
45:35 Squires
45:59 Hand Cart
47:19 Blast Furnace
46:35 Chain Mail Armor
46:57 Elite Skirmisher
Connection lost

Rejoining the realm…

Still unreachable

The connection could not be restored.

Session expired

The server has moved on; the page needs a fresh start.